 Dungeon Crawl Stone Soup version 0.27-a0-1281-ge233d83751 (console) character file.

Game seed: 9666829878174752624

105 Hector the Cutter (level 4, 0/36 HPs)
             Began as a Spriggan Abyssal Knight on June 14, 2021.
             Was a Follower of Lugonu.
             Slain by an orc wizard (2 damage)
             ... on level 3 of the Dungeon.
             The game lasted 00:07:16 (4415 turns).

Hector the Cutter (Spriggan Abyssal Knight)         Turns: 4415, Time: 00:07:20

Health: 0/36       AC:  2    Str:  8    XL:     4   Next: 54%
Magic:  6/6        EV: 18    Int: 14    God:    Lugonu [*.....]
Gold:   145        SH:  0    Dex: 14    Spells: 3/3 levels left

rFire    . . .     SeeInvis +   a - +1 short sword
rCold    . . .     Faith    .   (shield restricted)
rNeg     . . .     Spirit   .   b - +0 robe
rPois    .         Reflect  .   (helmet restricted)
rElec    .         Harm     .   (no cloak)
rCorr    .         Rampage  .   (gloves unavailable)
Will     .....                  (boots unavailable)
Stlth    ..........             (no amulet)
HPRegen  0.12/turn              (no ring)
MPRegen  0.10/turn              (no ring)

@: berserking, very quick
A: very small, no large weapons, unfitting armour, see invisible, speed 3, high
mp 1
a: Renounce Religion, Depart the Abyss


You were on level 3 of the Dungeon.
You worshipped Lugonu.
Lugonu was aware of your devotion.
You visited 1 branch of the dungeon, and saw 3 of its levels.
You visited the Abyss 1 time.

You collected 145 gold pieces.

Inventory:

Hand Weapons
 a - a +1 short sword (weapon)
 n - a +0 rapier
Missiles
 g - 92 stones
 i - 2 boomerangs (quivered)
Armour
 b - a +0 robe (worn)
Scrolls
 c - a scroll of blinking {unknown}
 e - 2 scrolls of amnesia {unknown}
 f - a scroll of noise {unknown}
 h - 5 scrolls of identify {unknown}
 j - a scroll of immolation {unknown}
 k - a scroll of enchant armour {unknown}
 m - a scroll of teleportation {unknown}
 o - a scroll of brand weapon {unknown}
Potions
 d - a potion of mutation
 l - a potion of flight {unknown}
 p - a potion of attraction {unknown}
 q - a potion of heal wounds {unknown}
 r - a potion of berserk rage


   Skills:
 + Level 3.0 Fighting
 * Level 4.1 Short Blades
 + Level 3.7 Dodging
 * Level 1.7 Stealth
 + Level 1.8 Invocations


You had 3 spell levels left.
You didn't know any spells.
Your spell library was empty.

Dungeon Overview and Level Annotations

Branches:
Dungeon (3/15)

Altars:
Hepliaklqana
Makhleb
Uskayaw

Shops:
D:2 (


Innate Abilities, Weirdness & Mutations

You are very small and have problems with some larger weapons.
You are too small for most types of armour.
You have supernaturally acute eyesight. (SInv)
You cover ground extremely quickly. (Speed+++)
You have an increased reservoir of magic. (+10% MP)


Message History

Found a fizzy amethyst potion.
You hit the orc.
The orc is almost dead.
The orc completely misses you.
You hit the orc.
You kill the orc!
Lugonu accepts your kill.
An orc priest comes into view. It is wielding a +0 hand axe.
You hit the orc wizard but do no damage.
The orc wizard points at you and mumbles some strange words.
You are confused.
You bump into the rock wall.
You bump into the rock wall.
The orc wizard points at you and mumbles some strange words.
The magic dart hits you. The orc hits you with a +0 whip.
You closely miss the orc wizard.
The orc wizard hits you with a +0 dagger.
The orc completely misses you.
You bump into the rock wall.
The orc wizard barely misses you.
Okay, then.
You closely miss the orc wizard. The orc wizard barely misses you.
The orc barely misses you.
You barely miss the orc.
The orc priest mumbles some strange prayers to Beogh against you.
Pain shoots through your body!
Unknown command.
It was a potion of mutation.
You feel extremely strange.
You feel more energetic.
You feel less confused. The orc completely misses you.
The orc wizard hits you but does no damage.
The orc priest hits you with a +0 hand axe.
* * * LOW HITPOINT WARNING * * *
It was a potion of berserk rage.
A red film seems to cover your vision as you go berserk!
You feel yourself moving faster!
You feel mighty! The orc hits you with a +0 whip.
* * * LOW HITPOINT WARNING * * *
The orc wizard hits you with a +0 dagger.
You die...

.....# ...).# #.!...#
.....# #.....##
.....######.###......
............#.+.....
....#########.#....
....# #.#...
.†..#########.##o######
...............o@o....#
#############.##.####.#
####+##.####
##########...(......
#................##
#................#
#..........[.....#
#..........##..#.#
#..[.....<.##..#...


You could see an orc priest, an orc wizard and an orc.

Vanquished Creatures
  Jessica (D:2)
  2 adders
  2 worms
  An orc (D:3)
  4 endoplasms
  5 goblins
  2 hobgoblins
  10 jackals
  4 quokkas
  4 ball pythons
  8 bats
  3 frilled lizards
  4 kobolds
  3 rats
53 creatures vanquished.

Notes
Turn   | Place    | Note
-------+----------+-------------------------------------------
     0 | Abyss:1  | Hector the Spriggan Abyssal Knight began the quest for the
                  | Orb.
     0 | Abyss:1  | Reached XP level 1. HP: 11/11 MP: 3/3
    42 | Abyss:1  | Noticed an ancient zyme
    45 | D:1      | Escaped the Abyss
   533 | D:1      | Reached * piety under Lugonu
   631 | D:1      | Reached XP level 2. HP: 10/16 MP: 4/4
  2038 | D:2      | Reached skill level 1 in Stealth
  2190 | D:2      | Reached skill level 3 in Short Blades
  2190 | D:2      | Reached XP level 3. HP: 6/19 MP: 5/5
  2438 | D:2      | Found Hokhac's Antique Weapon Boutique.
  3116 | D:2      | Found a burning altar of Makhleb.
  3359 | D:2      | Noticed Jessica
  3395 | D:2      | Killed Jessica
  3396 | D:2      | Reached XP level 4. HP: 7/24 MP: 6/6
  3727 | D:3      | Reached skill level 4 in Short Blades
  4286 | D:3      | Noticed a +0 dagger
  4286 | D:3      | Noticed a +0 dagger
  4289 | D:3      | Found a hide-covered altar of Uskayaw.
  4350 | D:3      | Found a hazy altar of Hepliaklqana.
  4414 | D:3      | Gained mutation: You have an increased reservoir of magic.
                  | (+10% MP) [potion of mutation]
  4415 | D:3      | Slain by an orc wizard

Illustrated notes

Levels and vault maps discovered:
D:1:      dpeg_arrival_arbitrary_b, layout_loops_ring, grunt_decor_fettered,
          minmay_fountain_box, minmay_misc_feat_ornament
D:2:      layout_basic, basic_altar, serial_shops, nicolae_shop_behind_doors,
          grunt_ministairs_15, kennysheep_jessica_study
D:3:      layout_basic, general_overflow_altar, lemuel_round_altar,
          dancing_weapons_uskayaw, cheibrodos_gnoll_hut

Skill      XL: |  1  2  3  4 |
---------------+-------------+-----
Stealth        | 1 |  1.7
Short Blades   | 3 4 |  4.1
Fighting       | 3 |  3.0
Dodging        | |  3.7
Invocations    | |  1.8

Action                   |  1- 3 |  4- 6 || total
-------------------------+-------+-------++-------
Melee: Short sword       |   157 |    67 ||   224
Throw: Boomerang         |     2 |       ||     2
Invok: Depart the Abyss  |     1 |       ||     1
  Use: Potion            |       |     2 ||     2
 Stab: Distracted        |     1 |       ||     1
       Sleeping          |       |     2 ||     2
Armor: Robe              |    16 |     9 ||    25
Dodge: Dodged            |   101 |    52 ||   153

Table legend: (Time is in decaauts)
 A = Elapsed time spent in this place.
 B = Non-inter-level travel time spent in this place.
 C = Inter-level travel time spent in this place.
 D = Time resting spent in this place.
 E = Time spent auto-exploring this place.
 F = Levels seen in this place.
 G = Mean time per level.
                   A        B        C        D        E       F      G
               +--------+--------+--------+--------+--------+-----+--------+
         Total |   3644 |   3470 |    174 |   1122 |   1845 |   4 |  911.0 |
       Dungeon |   3616 |   3442 |    174 |   1122 |   1820 |   3 | 1205.3 |
         Abyss |     27 |     27 |      0 |      0 |     25 |   1 |   27.0 |
               +--------+--------+--------+--------+--------+-----+--------+

Top non-repeatable levels by time:
     D:2: 1537 daAuts
     D:1: 1517 daAuts
     D:3: 560 daAuts
 Abyss:1: 27 daAuts
